 Dungeon Crawl Stone Soup version 0.22-a0-42-g002c468 (webtiles) character file.

573 KristoblXynda the Charmwright (level 7, -8/33 HPs)
             Began as a Spriggan Skald on Jan 5, 2018.
             Killed by nerve-wracking pain
             ... invoked by Grinder
              (11 damage)
             ... on level 4 of the Dungeon.
             The game lasted 00:11:56 (5078 turns).

KristoblXynda the Charmwright (Spriggan Skald)      Turns: 5078, Time: 00:11:56

Health: -8/33      AC:  4    Str:  8    XL:     7   Next: 12%
Magic:  1/14       EV: 20    Int: 16    God:
Gold:   160        SH:  0    Dex: 15    Spells: 8/15 levels left

rFire    . . .     SeeInvis +   j - +1 dagger
rCold    + . .     Gourm    .   (shield restricted)
rNeg     . . .     Faith    .   b - +1 robe
rPois    .         Spirit   .   (helmet restricted)
rElec    .         Reflect  .   (no cloak)
rCorr    .         Harm     .   (gloves unavailable)
MR       +....                  (boots unavailable)
Stlth    +++.......             (no amulet)
HPRegen  0.11/turn              e - ring of flight
MPRegen  0.14/turn              (no ring)

@: infused, very quick
A: very small, unfitting armour, see invisible, cold resistance 1, herbivore,
speed 3, shaggy fur 1, slow metabolism 2, MP-powered wands
a: Evoke Flight


You were on level 4 of the Dungeon.
You were not hungry.

You visited 1 branch of the dungeon, and saw 4 of its levels.

You collected 160 gold pieces.

Inventory:

Hand Weapons
 j - a +1 dagger (weapon)
Armour
 b - a +1 robe (worn)
Jewellery
 e - a ring of flight (left hand)
Scrolls
 a - a scroll of teleportation
 f - 2 scrolls of magic mapping
 h - 3 scrolls of remove curse
 k - a scroll of enchant weapon
 r - a scroll of blinking
Potions
 g - a potion of brilliance
 i - a potion of haste
 s - a potion of ambrosia
Books
 c - a book of Battle

   Spells                             Type                      Level
   a - Infusion                       Charms                       1
   b - Shroud of Golubria             Charms/Translocation         2
   c - Song of Slaying                Charms                       2
   d - Spectral Weapon                Hexes/Charms                 3
   e - Regeneration                   Charms/Necromancy            3
Comestibles
 d - 8 rations


   Skills:
 - Level 1.5 Fighting
 + Level 4.8 Short Blades
 - Level 5.2 Dodging
 + Level 4.2 Stealth
 + Level 4.5 Spellcasting
 + Level 7.3 Charms


You had 8 spell levels left.
You knew the following spells:

 Your Spells              Type           Power        Failure   Level  Hunger
a - Infusion              Chrm           ####         1%          1    None
b - Regeneration          Chrm/Necr      ###.......   11%         3    ###....
c - Spectral Weapon       Hex/Chrm       ###.....     11%         3    ###....


Dungeon Overview and Level Annotations

Branches:
Dungeon (4/15)             Temple (0/1) D:4

Altars:
Ashenzari
Fedhas
Makhleb

Shops:
D:4 !

Annotations:
D:4 Grinder, Pikel


Innate Abilities, Weirdness & Mutations

You are very small and have problems with some larger weapons.
You are too small for most types of armour.
You have supernaturally acute eyesight. (SInv)
You are a herbivore.
You cover ground extremely quickly.
You need consume almost no food.
Your flesh is cold resistant. (rC+)
You are covered in fur. (AC +1)
You expend magic power (3 MP) to strengthen your wands.


Message History

You closely miss Grinder.
Grinder is almost dead.
Grinder closely misses you.
You closely miss Grinder.
Grinder is almost dead.
Grinder gestures at you.
You easily resist.
You barely miss Grinder.
Grinder is almost dead.
You barely miss Grinder.
Grinder is almost dead.
Grinder hits you.
* * * LOW HITPOINT WARNING * * *
You writhe in agony.
* * * LOW HITPOINT WARNING * * *
You hit Grinder.
Grinder is almost dead.
Grinder gestures at you. Pain shoots through your body!
You die...

....... #....
........#...
........#.. #....##.#
#....##.######
#............# ......
. #............#
...5..
....#.[..........#
......
....'...†@5.##...#
......######.......#
####
...........##########
...........#.÷.(....#
..........gg.<......#
.......).÷W#........#
......)....#........#
...........#........#
...........#........#


You could see Grinder.

Vanquished Creatures
  A slave (D:4)
  A howler monkey (D:2)
  3 orc priests (D:4)
  5 orc wizards (D:4)
  Jessica (D:2)
  A worker ant (D:4)
  6 gnolls
  10 adders
  2 oozes
  3 worms (D:2)
  3 dart slugs
  3 leopard geckos
  6 orcs
  2 ball pythons
  5 giant cockroaches
  9 goblins
  9 hobgoblins
  4 jackals (D:1)
  A quokka (D:2)
  9 bats
  2 frilled lizards
  7 kobolds
  A leopard gecko skeleton (D:4)
  A quokka skeleton (D:3)
  7 rats
102 creatures vanquished.

Notes
Turn   | Place    | Note
-------+----------+-------------------------------------------
     0 | D:1      | KristoblXynda the Spriggan Skald began the quest for the Orb.
     0 | D:1      | Reached XP level 1. HP: 10/10 MP: 5/5
   309 | D:1      | Gained mutation: Your flesh is cold resistant. (rC+) [potion of mutation]
   309 | D:1      | Gained mutation: You expend magic power (3 MP) to strengthen your wands. [potion of mutation]
   309 | D:1      | Gained mutation: You are covered in fur. (AC +1) [potion of mutation]
   411 | D:1      | Reached XP level 2. HP: 10/14 MP: 3/6
   708 | D:1      | Reached skill level 5 in Charms
   708 | D:1      | Reached XP level 3. HP: 7/18 MP: 3/8
  1350 | D:2      | Reached XP level 4. HP: 15/22 MP: 0/9
  1561 | D:2      | Found a blossoming altar of Fedhas.
  1614 | D:2      | Found a shattered altar of Ashenzari.
  1616 | D:2      | Found a burning altar of Makhleb.
  1674 | D:2      | Noticed Jessica
  1681 | D:2      | Killed Jessica
  1681 | D:2      | Reached skill level 5 in Dodging
  1888 | D:2      | Learned a level 3 spell: Regeneration
  1892 | D:2      | Learned a level 3 spell: Spectral Weapon
  2037 | D:2      | Reached skill level 1 in Stealth
  2037 | D:2      | Reached skill level 6 in Charms
  2037 | D:2      | Reached XP level 5. HP: 23/25 MP: 5/10
  3344 | D:3      | Reached XP level 6. HP: 18/30 MP: 8/12
  4196 | D:4      | Noticed a slave
  4197 | D:4      | Noticed a slave
  4198 | D:4      | Noticed Pikel
  4198 | D:4      | Noticed a slave
  4199 | D:4      | Noticed a slave
  4266 | D:4      | Killed a slave
  4424 | D:4      | Noticed Grinder
  4511 | D:4      | Found Biomie's Distillery.
  4542 | D:4      | Found a staircase to the Ecumenical Temple.
  4775 | D:4      | Reached skill level 7 in Charms
  4857 | D:4      | Reached XP level 7. HP: 33/33 MP: 2/14
  5078 | D:4      | Killed from afar by Grinder

Vault maps used:
D:1:      dpeg_arrival_arbitrary_b
D:2:      minitemple, uniq_jessica
D:4:      kennysheep_little_box, minmay_temple_entry_from_below_b, serial_shops,
          nicolae_shop_trees, first_ration, minmay_unequal, uniq_grinder,
          uniq_pikel

Skill      XL: |  1  2  3  4  5  6 |
---------------+-------------------+-----
Spellcasting   | 3 4 |  4.5
Dodging        | 4 5 |  5.2
Charms         | 5 6 7 |  7.3
Short Blades   | 3 4 |  4.8
Stealth        | 1 2 4 |  4.2
Fighting       | |  1.5

Action                   |  1- 3 |  4- 6 |  7- 9 || total
-------------------------+-------+-------+-------++-------
Melee: Short sword       |    71 |       |       ||    71
       Dagger            |    72 |   345 |    43 ||   460
 Cast: Infusion          |    12 |    20 |     3 ||    35
  Use: Potion            |     1 |     6 |     1 ||     8
       Scroll            |     4 |    10 |       ||    14
 Stab: Sleeping          |     2 |     7 |       ||     9
  Eat: Ration            |       |     2 |       ||     2
Armor: Robe              |    19 |    26 |     1 ||    46
       Skin              |       |    86 |    13 ||    99
Dodge: Dodged            |   116 |   199 |    19 ||   334

Table legend:
 A = Spawn XP
 B = Non-spawn XP
 C = Spawn XP percentage of total XP
 D = Spawn monster count
 E = Non-spawn monster count
 F = Spawn count percentage of total count
 G = Total turns spent on level
                    A         B        C        D         E        F      G
               +---------+---------+-------+---------+---------+-------+---------
         Total |       0 |     819 |   0.0 |       0 |     101 |   0.0 |  5078
               +---------+---------+-------+---------+---------+-------+---------
           D:1 |       0 |      55 |   0.0 |       0 |      30 |   0.0 |  1274
           D:2 |       0 |     212 |   0.0 |       0 |      28 |   0.0 |  1231
           D:3 |       0 |     131 |   0.0 |       0 |      27 |   0.0 |  1821
           D:4 |       0 |     421 |   0.0 |       0 |      16 |   0.0 |   752
               +---------+---------+-------+---------+---------+-------+---------
